 Dungeon Crawl Stone Soup version 0.31-a0-744-gbc345e7fcb (webtiles) character file.

Game seed: 16886991497678929204

135 AdnanSaban the Covered (level 5, 0/33 HPs)
             Began as a Gargoyle Fighter on Sept 13, 2023.
             Was an Initiate of Okawaru.
             Slain by an orc warrior
             ... wielding a +0 short sword
              (1 damage)
             ... on level 7 of the Dungeon.
             The game lasted 00:02:27 (2041 turns).

AdnanSaban the Covered (Gargoyle Fighter)           Turns: 2041, Time: 00:02:29

Health: 0/33       AC: 13    Str: 21    XL:     5   Next: 18%
Magic:  5/5        EV:  9    Int:  9    God:    Okawaru [......]
Gold:   158        SH:  4    Dex:  9    Spells: 4/4 levels left

rFire   . . .        a - +0 flail
rCold   . . .        c - +0 buckler
rNeg    + . .        b - +0 scale mail
rPois   ∞            p - +0 helmet
rElec   +            r - +0 cloak
rCorr   .            (no gloves)
SInv    .            (no boots)
Will    .....        (no amulet) Stlth
                     (no ring)
HPRegen 0.25/turn    (no ring)
MPRegen 0.09/turn

%: no passive effects
@: no status effects
A: sickness immunity, AC +4, negative energy resistance 1, electricity
resistance, torment resistance 1, petrification resistance
a: Renounce Religion


You were on level 7 of the Dungeon.
You worshipped Okawaru.
Okawaru was noncommittal.
You visited 1 branch of the dungeon, and saw 5 of its levels.

You collected 158 gold pieces.

Inventory:

Hand Weapons
 a - a +0 flail (weapon)
Missiles
 e - 5 poisoned darts
Armour
 b - a +0 scale mail (worn)
 c - a +0 buckler (worn)
 p - a +0 helmet (worn)
 r - a +0 cloak (worn)
Jewellery
 j - an amulet of faith
 m - a ring of see invisible
Scrolls
 f - 2 scrolls of brand weapon {unknown}
 g - 2 scrolls of amnesia {unknown}
 i - a scroll of vulnerability {unknown}
 l - a scroll of fear {unknown}
 o - a scroll of poison {unknown}
 q - a scroll of identify {unknown}
Potions
 d - 2 potions of might
 h - 2 potions of heal wounds {unknown}
 k - a potion of lignification {unknown}
 n - a potion of attraction {unknown}


   Skills:
 + Level 3.7 Fighting
 + Level 3.1 Maces & Flails
 + Level 4.6 Armour
 + Level 0.7 Dodging
 + Level 0.2 Stealth
 + Level 3.9 Shields


You had 4 spell levels left.
You didn't know any spells.
Your spell library contained the following spells:

 Spells                   Type           Power      Damage    Failure   Level
 Ensorcelled Hibernation  Hex/Ice        0%         N/A       89%         2
 Passwall                 Tmut/Erth      0%         N/A       89%         2
 Ignite Poison            Fire/Tmut/Pois 0%         N/A       98%         3
 Swiftness                Air            0%         N/A       98%         3
 Freezing Cloud           Conj/Ice/Air   0%         6-21      100%        5
 Cigotuvi's Dreadful Rot  Necr/Pois/Air  Unusable   N/A       N/A         2

Dungeon Overview and Level Annotations

Branches:
Dungeon (7/15)             Temple (0/1) D:7

Altars:
Fedhas
Okawaru
Qazlal


Innate Abilities, Weirdness & Mutations

You are immune to sickness and miasma.
Your stone body is resilient. (AC +4)
You are immune to poison.
You resist negative energy. (rN+)
You are resistant to electric shocks. (rElec)
You are resistant to unholy torment.
You are immune to petrification.


Message History

The orc warrior hits you with a +0 short sword.
* * * LOW HITPOINT WARNING * * *
You closely miss the orc warrior.
The orc warrior is lightly wounded.
The orc hits you with a +0 flail.
* * * LOW HITPOINT WARNING * * *
The orc warrior hits you but does no damage.
You block the orc's attack.
The orc warrior hits you but does no damage.
You closely miss the orc warrior.
The orc warrior is lightly wounded.
The orc hits you but does no damage. The orc warrior closely misses you.
You thump the orc warrior!
The orc warrior is heavily wounded.
The orc hits you but does no damage.
A kobold comes into view. It is wielding a +0 dagger.
The orc warrior completely misses you.
You barely miss the orc warrior.
The orc warrior is heavily wounded.
A kobold comes into view. It is wielding a +0 short sword.
The orc hits you with a +0 flail.
* * * LOW HITPOINT WARNING * * *
The orc warrior barely misses you. The orc barely misses you.
A kobold comes into view. It is wielding a +0 whip.
You barely miss the orc warrior.
The orc warrior is heavily wounded.
The kobold shouts! x2
The orc warrior hits you but does no damage.
You block the orc's attack. The orc warrior closely misses you.
You hit the orc warrior.
The orc warrior is heavily wounded.
A kobold comes into view. It is wielding a +0 dagger.
The orc barely misses you. The orc warrior barely misses you.
The kobold shouts!
You hit the orc warrior but do no damage.
The orc warrior is heavily wounded.
The orc hits you with a +0 flail.
* * * LOW HITPOINT WARNING * * *
The orc warrior hits you with a +0 short sword.
You die...

#.......#.#.#
##.......#.>.#
#.......#.#.#.
####>......#.#.#
##.#.........#.#.
#...............
#..##........
##...........
#@o.........
##o##......##
#..#####oo##.......
#......KK####.....#
......K....# ......
.......#..### #..
.......##.o.#
....... ##o..#
...#... #...#


You could see an orc warrior, a kobold brigand, 3 orcs and 2 kobolds.

Vanquished Creatures
  A sleepcap (D:4)
  An iguana (D:4)
  3 worms
  2 dart slugs
  2 orcs
  5 ball pythons
  3 endoplasms
  5 giant cockroaches
  6 goblins
  5 hobgoblins
  6 jackals (D:2)
  A quokka (D:4)
  6 bats
  5 frilled lizards
  8 kobolds
  9 rats
68 creatures vanquished.

Notes
Turn   | Place    | Note
-------+----------+-------------------------------------------
     0 | D:1      | AdnanSaban the Gargoyle Fighter began the quest for the
                  | Orb.
     0 | D:1      | Reached XP level 1. HP: 14/14 MP: 1/1
    98 | D:1      | Reached XP level 2. HP: 19/19 MP: 2/2
   450 | D:2      | Reached XP level 3. HP: 23/23 MP: 3/3
  1249 | D:3      | Reached XP level 4. HP: 29/29 MP: 4/4
  1471 | D:3      | Found a blossoming altar of Fedhas.
  1850 | D:4      | Reached skill level 4 in Armour
  1909 | D:4      | Reached XP level 5. HP: 32/33 MP: 5/5
  1924 | D:4      | Found an iron altar of Okawaru.
  1932 | D:4      | Became a worshipper of Warmaster Okawaru
  1973 | D:4      | Found a stormy altar of Qazlal.
  1984 | D:4      | You fall into a shaft and drop 3 floors!
  1984 | D:7      | Found a staircase to the Ecumenical Temple.
  2013 | D:7      | Noticed an orc warrior
  2032 | D:7      | Noticed a kobold brigand
  2041 | D:7      | HP: 1/33 [orc/+0 flail (6)]
  2041 | D:7      | Slain by an orc warrior

Illustrated notes

Levels and vault maps discovered:
D:1:      spicycebolla_green_bress_n_ham, layout_rooms
D:2:      layout_basic, item_on_display_a
D:3:      layout_loops_ring, fedhas_altar_1, kennysheep_doodads, st_stairs_14
D:4:      layout_rooms, nemelex_dance_club_becter, okawaru_trees_1,
          nicolae_qazlal_general_emergency, nicolae_ossuary_entry_plus,
          portal_sewer_entry_e, grunt_decor_fettered, chequers_avenue,
          uniq_pikel, uniq_grinder
D:7:      layout_cave_pools, minmay_temple_entry_grid, serial_shops, shop,
          uniq_prince_ribbit1

Skill      XL: |  1  2  3  4  5 |
---------------+----------------+-----
Armour         | 4 |  4.6
Maces & Flails | 3 |  3.1
Fighting       | |  3.7
Dodging        | |  0.7
Stealth        | |  0.2
Shields        | |  3.9

Action                     |  1- 3 |  4- 6 || total
---------------------------+-------+-------++-------
  Melee: Flail             |   145 |    77 ||   222
 Armour: Scale mail        |   104 |    50 ||   154
  Dodge: Dodged            |    64 |    42 ||   106
  Block: Buckler           |    34 |    16 ||    50

Table legend: (Time is in decaauts)
 A = Elapsed time spent in this place.
 B = Non-inter-level travel time spent in this place.
 C = Inter-level travel time spent in this place.
 D = Time resting spent in this place.
 E = Time spent auto-exploring this place.
 F = Levels seen in this place.
 G = Mean time per level.
                   A        B        C        D        E       F      G
               +--------+--------+--------+--------+--------+-----+--------+
         Total |   2106 |   1889 |    217 |     25 |   1345 |   5 |  421.2 |
       Dungeon |   2106 |   1889 |    217 |     25 |   1345 |   5 |  421.2 |
               +--------+--------+--------+--------+--------+-----+--------+

Top non-repeatable levels by time:
     D:2: 780 daAuts
     D:3: 696 daAuts
     D:1: 460 daAuts
     D:4: 110 daAuts
     D:7: 60 daAuts
